 Dungeon Crawl Stone Soup version 0.29-a0-206-g4a66f2e2b5 (webtiles) character file.

Game seed: 16713532222307549664

27308 Inarius the Severer (level 13, 0/106 HPs)
             Began as a Demonspawn Fighter on Feb 23, 2022.
             Was an Elder of Nemelex Xobeh.
             Slain by a cane toad (17 damage)
             ... on level 1 of the Lair of Beasts.
             The game lasted 00:22:03 (16953 turns).

Inarius the Severer (Demonspawn Fighter)           Turns: 16953, Time: 00:22:04

Health: 0/106      AC: 13    Str: 20    XL:     13   Next: 3%
Magic:  20/21      EV: 10    Int: 10    God:    Nemelex Xobeh [****..]
Gold:   1027       SH: 17    Dex: 17    Spells: 12/12 levels left

rFire   + . .      SeeInvis .   a - +0 war axe (flame)
rCold   + . .      Faith    .   L - +2 tower shield {rC+}
rNeg    + + .      Spirit   .   C - +1 scale mail of the Game Afoot {Will++ Dex+3}
rPois   +          Reflect  .   (helmet restricted)
rElec   +          Harm     .   A - +0 cloak of Purpose {rElec rPois rF+ rN+}
rCorr   .          Rampage  .   N - +0 pair of gloves
Will    ++...                   (no boots)
Stlth   ..........              G - amulet of regeneration
HPRegen 2.07/turn               q - +4 ring of evasion
MPRegen 0.17/turn               v - ring of positive energy

@: lethally poisoned (0 -> -2), studying Fighting
A: horns 2, rugged brown scales 2, foul stench 1, powered by death 3
a: Renounce Religion, Draw Escape, Draw Destruction, Draw Summoning, Triple
Draw, Deal Four


You were on level 1 of the Lair of Beasts.
You worshipped Nemelex Xobeh.
Nemelex Xobeh was greatly pleased with you.
You visited 3 branches of the dungeon, and saw 15 of its levels.
You also visited: Ice Cave.

You collected 1027 gold pieces.

Inventory:

Hand Weapons
 a - a +0 war axe of flaming (weapon)
 J - the +7 great mace "Undeadhunter" {disrupt, rN+}
   (You found it in an ice cave)

   It inflicts significantly more damage against the undead.
   rN:        It protects you from negative energy.
Missiles
 x - a throwing net (quivered)
Armour
 h - a +0 plate armour
 t - +0 fire dragon scales
 A - the +0 cloak of Purpose (worn) {rElec rPois rF+ rN+}
   (You found it on level 6 of the Dungeon)

   rF:        It protects you from fire.
   rElec:     It insulates you from electricity.
   rPois:     It protects you from poison.
   rN:        It protects you from negative energy.
 C - the +1 scale mail of the Game Afoot (worn) {Will++ Dex+3}
   (You found it on level 10 of the Dungeon)

   Dex:       It affects your dexterity (+3).
   Will:      It greatly increases your willpower.
 L - a +2 tower shield of cold resistance (worn)
 N - a +0 pair of gloves (worn)
Jewellery
 q - a +4 ring of evasion (left hand)
 v - a ring of positive energy (right hand)
 w - a ring of flight
 G - an amulet of regeneration (around neck)
Wands
 D - a wand of flame (8)
 I - a wand of iceblast (6)
 O - a wand of paralysis (6)
Scrolls
 c - 2 scrolls of identify
 i - 3 scrolls of noise
 j - 3 scrolls of blinking {unknown}
 k - 3 scrolls of amnesia {unknown}
 l - 2 scrolls of brand weapon
 n - 3 scrolls of fog {unknown}
 r - 2 scrolls of teleportation
 s - a scroll of immolation {unknown}
 u - a scroll of magic mapping
 y - a scroll of enchant armour {unknown}
 H - a scroll of vulnerability {unknown}
Potions
 b - a potion of attraction {unknown}
 d - a potion of might
 e - 5 potions of curing
 f - 2 potions of berserk rage {unknown}
 g - 4 potions of mutation
 m - a potion of flight {unknown}
 o - 2 potions of degeneration {unknown}
 p - a potion of lignification
 z - 3 potions of invisibility {unknown}
 B - 4 potions of heal wounds {unknown}
 E - a potion of ambrosia {unknown}
 F - a potion of cancellation {unknown}
 M - a potion of brilliance {unknown}


   Skills:
 + Level 9.5 Fighting
 * Level 15.2 Axes
 + Level 8.2 Armour
 + Level 5.7 Shields
 * Level 10.6 Invocations
 + Level 0.7 Evocations


You had 12 spell levels left.
You didn't know any spells.
Your spell library contained the following spells:

 Spells                   Type           Power      Damage    Failure   Level
 Magic Dart               Conj           0%         1d3       100%        1
 Searing Ray              Conj           0%         2d4       100%        2
 Call Canine Familiar     Summ           0%         N/A       100%        3
 Dazzling Flash           Conj/Hex       0%         N/A       100%        3
 Ignite Poison            Fire/Tmut/Pois 0%         N/A       100%        3
 Mephitic Cloud           Conj/Pois/Air  0%         N/A       100%        3
 Portal Projectile        Hex/Tloc       0%         N/A       100%        3
 Animate Armour           Summ/Erth      0%         N/A       100%        4
 Fulminant Prism          Conj/Hex       0%         3d6       100%        4
 Leda's Liquefaction      Hex/Erth       0%         N/A       100%        4
 Agony                    Necr           0%         N/A       100%        5
 Blade Hands              Tmut           0%         N/A       100%        5
 Freezing Cloud           Conj/Ice/Air   0%         6-21      100%        5
 Silence                  Hex/Air        0%         N/A       100%        5
 Iron Shot                Conj/Erth      0%         9d1       100%        6


Dungeon Overview and Level Annotations

Branches:
Dungeon (12/15)            Temple (1/1) D:4            Lair (2/6) D:9
    Orc (0/2) D:9           IceCv (visited)
  Swamp: Lair:2-4    Shoals: Lair:2-4     Snake: Lair:2-4    Spider: Lair:2-4

Altars:
Ashenzari
Cheibriados
Dithmenos
Elyvilon
Fedhas
Gozag
Hepliaklqana
Kikubaaqudgha
Makhleb
Nemelex Xobeh
Okawaru
Qazlal
Ru
Sif Muna
Trog
Uskayaw
Vehumet
Wu Jian
Xom
Yredelemnul
Zin
The Shining One
Beogh

Shops:
D:10 [   D:11 ::

Annotations:
D:6 2 runed translucent doors, stickyfingers's ghost, novice DEAr
D:7 2 transporters, ma3's ghost, novice TrCK


Innate Abilities, Weirdness & Mutations

You have a pair of horns on your head.
You are mostly covered in rugged brown scales. (AC +2, +5% HP)
You may rarely emit foul miasma when damaged in melee.
You regenerate a lot of health from kills.


Message History

You are too injured to fight recklessly!
You are too injured to fight recklessly!
Unknown command.
You barely miss the cane toad. You headbutt the cane toad.
The cane toad is almost dead.
You hit the cane toad. You burn the cane toad. You barely miss the blink frog.
You feel extremely sick. You block the blink frog's attack.
You block the cane toad's attack. x2
You block the blink frog's attack.
Unknown command.
You slash the cane toad! You burn the cane toad.
You kill the cane toad!
You closely miss the cane toad. You miss the blink frog.
You feel extremely sick. You block the blink frog's attack.
You block the cane toad's attack.
Unknown command.
You closely miss the cane toad.
The cane toad is lightly wounded.
You hit the blink frog. You burn the blink frog.
You feel very sick. The blink frog hits you.
* * * LOW HITPOINT WARNING * * *
You block the cane toad's attack.
The blink frog hits you but does no damage.
You hit the blink frog. You burn the blink frog. You headbutt the blink frog!
The blink frog is severely wounded.
You barely miss the cane toad.
You feel very sick. The cane toad closely misses you.
You block the blink frog's attack. The cane toad stings you.
* * * LOW HITPOINT WARNING * * *
You barely miss the blink frog.
The blink frog is severely wounded.
You hit the cane toad. You burn the cane toad.
You feel very sick. The blink frog hits you.
* * * LOW HITPOINT WARNING * * *
The cane toad stings you!
You die...
Your body glows with a rainbow of weird colours and disappears.

####..#........#
##.#..[......#
##..#.........#
#..#..........#
#####.............#
##.##..............#
##..................##
...####.........FF...#
#### #.......#.@....#
# ##...##........# #
##.####.......## # ###
####.....# # ##....#
#### ###.....# ##.####
#P......# .....P#
#......## ......#
##.....#


You could see a cane toad and a blink frog.

Vanquished Creatures
  A fire dragon (D:11)
  3 hydras
  2 ironbound frosthearts (IceCv)
  3 two-headed ogres
  3 death yaks (IceCv)
  Pikel (D:5)
  3 ugly things
  A faun (D:10)
  A manticore (D:11)
  2 cane toads
  An ice statue (IceCv)
  A rime drake (IceCv)
  A komodo dragon (Lair:1)
  An unseen horror (D:11)
  4 polar bears (IceCv)
  2 hornets (D:7)
  A troll (D:10)
  A blink frog (IceCv)
  A slime creature (D:11)
  A wraith (D:11)
  3 wyverns
  31 yaks
  A golden eye (IceCv)
  A basilisk (Lair:1)
  3 steam dragons
  Menkaure (D:7)
  2 wargs (D:9)
  An acid dragon (D:9)
  5 water moccasins
  An ice beast (D:8)
  A hornet zombie (D:8)
  4 orc warriors
  3 necrophages
  2 ogres (D:6)
  20 wolves (IceCv)
  6 centaurs
  A phantom (D:4)
  A lemure (D:5)
  5 kobold brigands
  2 scorpions
  2 gnoll sergeants
  7 bullfrogs
  2 water moccasin zombies
  A water moccasin skeleton (D:4)
  7 wights
  3 killer bees (D:8)
  A howler monkey (D:6)
  8 centaur zombies
  4 hounds
  A jelly (D:7)
  7 orc priests
  A gnoll shaman (D:8)
  A bullfrog skeleton (D:5)
  2 iguanas
  6 orc wizards
  2 hound skeletons (D:4)
  A howler monkey zombie (D:9)
  3 gnolls (D:8)
  15 adders
  2 shadow imps
  14 white imps
  An adder skeleton (D:4)
  4 worms
  2 dart slugs
  21 orcs
  10 ball pythons
  12 bats
  7 endoplasms
  A giant cockroach (D:1)
  6 goblins
  3 hobgoblins
  8 jackals
  3 quokkas
  A frilled lizard (D:1)
  24 kobolds
  A rat (D:1)
322 creatures vanquished.

Vanquished Creatures (collateral kills)
  A two-headed ogre (D:8)
  A wyvern (D:8)
  A kobold brigand (D:8)
  3 killer bees (D:8)
  A howler monkey (D:8)
  A wight (D:8)
  A centaur zombie (D:8)
  An orc priest (D:8)
10 creatures vanquished.

Vanquished Creatures (others)
  2 plants (D:9)
2 creatures vanquished.

Grand Total: 334 creatures vanquished

Notes
Turn   | Place    | Note
-------+----------+-------------------------------------------
     0 | D:1      | Inarius the Demonspawn Fighter began the quest for the Orb.
     0 | D:1      | Reached XP level 1. HP: 18/18 MP: 1/1
    83 | D:1      | You fall into a shaft and drop 1 floor!
   122 | D:2      | Reached skill level 2 in Axes
   122 | D:2      | Gained mutation: You have a pair of small horns on your
                  | head. [demonic ancestry]
   122 | D:2      | Reached XP level 2. HP: 23/24 MP: 2/2
   201 | D:2      | HP: 1/24 [poisoned by an adder]
   552 | D:2      | Gained mutation: You are partially covered in rugged brown
                  | scales. (AC +1, +3% HP) [demonic ancestry]
   552 | D:2      | Reached XP level 3. HP: 21/29 MP: 3/3
  1651 | D:2      | Reached skill level 3 in Axes
  1651 | D:2      | Reached XP level 4. HP: 32/36 MP: 4/4
  1877 | D:2      | Found a faded altar of an unknown god.
  2462 | D:2      | Gained mutation: You have a pair of horns on your head.
                  | [demonic ancestry]
  2462 | D:2      | Reached XP level 5. HP: 37/42 MP: 5/5
  3296 | D:3      | Found a stormy altar of Qazlal.
  3348 | D:3      | Reached skill level 4 in Axes
  4007 | D:4      | Found a radiant altar of Vehumet.
  4299 | D:4      | Noticed a phantom
  4301 | D:4      | Found a staircase to the Ecumenical Temple.
  4305 | D:4      | Reached XP level 6. HP: 49/49 MP: 6/6
  4338 | Temple   | Entered the Ecumenical Temple
  4585 | Temple   | Became a worshipper of Nemelex Xobeh the Trickster
  4665 | D:4      | Reached skill level 5 in Axes
  5137 | D:4      | Gained mutation: You are mostly covered in rugged brown
                  | scales. (AC +2, +5% HP) [demonic ancestry]
  5137 | D:4      | Reached XP level 7. HP: 44/55 MP: 7/7
  5218 | D:4      | Reached skill level 1 in Invocations
  5818 | D:5      | Entered Level 5 of the Dungeon
  5835 | D:5      | Reached skill level 6 in Axes
  6001 | D:5      | Reached * piety under Nemelex Xobeh
  6004 | D:5      | Received a gift from Nemelex Xobeh
  6052 | D:5      | Noticed Pikel
  6071 | D:5      | Killed Pikel
  6072 | D:5      | Reached skill level 7 in Axes
  6072 | D:5      | Reached XP level 8. HP: 63/63 MP: 8/10
  6262 | D:5      | Identified the +0 leather armour of the Dungeon {rC+ Regen+
                  | Str-4}
  6618 | D:6      | Received a gift from Nemelex Xobeh
  6621 | D:6      | Reached skill level 8 in Axes
  6659 | D:6      | Found a basalt altar of Yredelemnul.
  7217 | D:6      | Gained mutation: You regenerate a little health from kills.
                  | [demonic ancestry]
  7217 | D:6      | Reached XP level 9. HP: 51/69 MP: 10/12
  7371 | D:6      | Found a large runed translucent door.
  7371 | D:6      | Found a large runed translucent door.
  7373 | D:6      | Noticed stickyfingers's ghost (novice DEAr)
  7385 | D:6      | Reached skill level 9 in Axes
  7550 | D:6      | Identified the +0 cloak of Purpose {rElec rPois rF+ rN+}
  8038 | D:7      | Found a transporter.
  8040 | D:7      | Noticed ma3's ghost (novice TrCK)
  8041 | D:7      | Noticed a red ugly thing
  8127 | D:7      | Reached ** piety under Nemelex Xobeh
  8127 | D:7      | Received a gift from Nemelex Xobeh
  8129 | D:7      | Noticed Menkaure
  8143 | D:7      | Killed Menkaure
  8158 | D:7      | Found a transporter.
  8170 | D:7      | Reached skill level 5 in Invocations
  8172 | D:7      | Paralysed by a hornet for 2 turns
  8175 | D:7      | Reached skill level 5 in Fighting
  8181 | D:7      | Reached skill level 10 in Axes
  8529 | D:7      | Reached skill level 5 in Armour
  9389 | D:8      | Gained mutation: You regenerate health from kills. [demonic
                  | ancestry]
  9389 | D:8      | Reached XP level 10. HP: 77/77 MP: 14/14
  9483 | D:8      | Noticed a two-headed ogre
  9499 | D:8      | Killed a two-headed ogre
  9500 | D:8      | Reached skill level 11 in Axes
  9600 | D:8      | Noticed a purple ugly thing
  9605 | D:8      | Killed a purple ugly thing
  9679 | D:8      | Noticed a white ugly thing
 10085 | D:8      | Killed a white ugly thing
 10102 | D:8      | Noticed a five-headed hydra
 10111 | D:8      | Killed a one-headed hydra
 10199 | D:8      | Found an ancient bone altar of Kikubaaqudgha.
 10593 | D:9      | Found a hazy altar of Hepliaklqana.
 10637 | D:9      | Identified the +2 hand crossbow of Modesty {freeze, *Slow
                  | rF+ rC+ rN+}
 10668 | D:9      | Reached skill level 12 in Axes
 10860 | D:9      | Gained mutation: You may rarely emit foul miasma when
                  | damaged in melee. [demonic ancestry]
 10860 | D:9      | Reached XP level 11. HP: 82/85 MP: 16/16
 11083 | D:9      | Found a staircase to the Orcish Mines.
 11287 | D:9      | Noticed an eight-headed hydra
 11308 | D:9      | Killed a four-headed hydra
 11502 | D:9      | Identified the +2 helmet "Ygu Byby" {rC- rN+ SInv}
 11724 | D:9      | Received a gift from Nemelex Xobeh
 11968 | D:9      | Found a broken altar of Ashenzari.
 12017 | D:9      | Found a staircase to the Lair.
 12073 | D:10     | Entered Level 10 of the Dungeon
 12091 | D:10     | Reached *** piety under Nemelex Xobeh
 12099 | D:10     | Noticed a two-headed ogre
 12101 | D:10     | a two-headed ogre changed into a faun
 12144 | D:10     | Identified the +1 scale mail of the Game Afoot {Will++
                  | Dex+3}
 12390 | D:10     | Found Fuwealetz's Armour Boutique.
 12799 | D:10     | Reached skill level 13 in Axes
 13040 | D:10     | Received a gift from Nemelex Xobeh
 13289 | D:11     | Noticed a two-headed ogre
 13289 | D:11     | Noticed a two-headed ogre
 13299 | D:10     | Killed a two-headed ogre
 13300 | D:10     | Reached skill level 5 in Shields
 13316 | D:11     | HP: 3/87 [two-headed ogre/+0 giant club (9)]
 13325 | D:11     | HP: 1/87 [two-headed ogre/+0 giant club (4)]
 13326 | D:11     | Killed a two-headed ogre
 13471 | D:11     | Noticed a fire dragon
 13474 | D:11     | Noticed a two-headed ogre
 13492 | D:11     | Killed a two-headed ogre
 13495 | D:11     | Killed a fire dragon
 13500 | D:11     | Found a frozen archway.
 13512 | IceCv    | Entered an ice cave
 13549 | IceCv    | Reached XP level 12. HP: 85/96 MP: 19/19
 13866 | IceCv    | Reached skill level 14 in Axes
 14011 | IceCv    | Noticed a death yak
 14036 | IceCv    | Killed a death yak
 14081 | IceCv    | Noticed an ironbound frostheart
 14081 | IceCv    | Noticed an ironbound frostheart
 14082 | IceCv    | Noticed a death yak
 14110 | IceCv    | Noticed a death yak
 14117 | IceCv    | Killed a death yak
 14118 | IceCv    | Reached skill level 10 in Invocations
 14123 | IceCv    | Killed a death yak
 14149 | IceCv    | Killed an ironbound frostheart
 14157 | IceCv    | Killed an ironbound frostheart
 14170 | IceCv    | Found the +7 great mace "Undeadhunter" {disrupt, rN+}
 15024 | D:11     | Reached skill level 15 in Axes
 15602 | D:11     | Reached **** piety under Nemelex Xobeh
 15602 | D:11     | Received a gift from Nemelex Xobeh
 15662 | D:11     | Found Emua's Self-Improvement Boutique.
 15728 | D:11     | Found Somotyus's Book Emporium.
 15963 | Lair:1   | Entered Level 1 of the Lair of Beasts
 15963 | Lair:1   | Noticed a four-headed hydra
 15973 | Lair:1   | Killed a one-headed hydra
 16168 | Lair:1   | Gained mutation: You regenerate a lot of health from kills.
                  | [demonic ancestry]
 16168 | Lair:1   | Reached XP level 13. HP: 106/106 MP: 20/20
 16335 | Lair:1   | Received a gift from Nemelex Xobeh
 16953 | Lair:1   | Slain by a cane toad

Illustrated notes

Levels and vault maps discovered:
D:1:      minmay_arrival_shattered_statue, layout_basic, kennysheep_crisscross,
          minmay_misc_feat_nine_boxes
D:2:      layout_loops_ring, serial_rivers, chequers_serial_rivers_micro_a,
          chequers_serial_rivers_micro_c, chequers_serial_rivers_micro_b,
          chequers_serial_rivers_room_b, chequers_ecumenical_altar_lobes,
          kennysheep_another_room, minmay_snake_closets
D:3:      layout_loops_ring, mainiacjoe_overflow_alcove_4
D:4:      layout_basic, mainiacjoe_overflow_tiny_flanked,
          minmay_temple_entry_waves
D:5:      layout_gridville, uniq_pikel
D:6:      layout_basic, mainiacjoe_overflow_surrounded_room,
          ebering_ghost_disaster_area, minmay_misc_feat_columns,
          chequers_serial_rivers_micro_a, kennysheep_generic_room_3
D:7:      layout_loops_ring, gammafunk_ghost_arena, uniq_menkaure
D:8:      cheibrodos_ideogram_h, layout_loops_corners,
          overflow_temple_1_default, nicolae_figureground_sparkle
D:9:      layout_basic, mainiacjoe_overflow_alcove_2, lemuel_tele_altar,
          mainiacjoe_overflow_chevrons, erik_lair_orcish_takeover,
          minmay_orc_entry_temple_small, minmay_radiant
D:10:     layout_loops_ring, serial_shops, nicolae_stop_n_shop_2,
          dk_noncrumbling_3, kennysheep_island_fort
D:11:     layout_cave_pools, portal_ice_cave_entry_imps, serial_shops, shop,
          minmay_misc_feat_more_columns, nicolae_shop_self_help
D:12:     layout_layer_cave, serial_shops,
          nicolae_shop_temple_entry_statues_fountains
Temple:   regret_index_temple_generic_petals
Lair:1:   layout_cave_pods
Lair:2:   layout_big_grid, serial_forest, infiniplex_forest_straight_1,
          infiniplex_forest_3_way, infiniplex_forest_lined_room_,
          infiniplex_forest_clump_large, infiniplex_forest_lined_ring,
          infiniplex_forest_clump_long

Skill      XL: |  1  2  3  4  5  6  7  8  9 10 11 12 |
---------------+-------------------------------------+-----
Axes           | 2 3 4 5 7 8 10 12 13 15 | 15.2
Armour         | 3 4 5 6 7 8 |  8.2
Shields        | 3 4 5 |  5.7
Invocations    | 2 4 5 7 9 10 | 10.6
Fighting       | 4 5 7 9 |  9.5
Evocations     | |  0.7

Action                   |  1- 3 |  4- 6 |  7- 9 | 10-12 | 13-15 || total
-------------------------+-------+-------+-------+-------+-------++-------
Melee: War axe           |   114 |   192 |   213 |   645 |    16 ||  1180
       Headbutt          |    12 |    25 |    40 |   162 |     7 ||   246
Invok: Draw Destruction  |       |       |       |    23 |       ||    23
       Draw Summoning    |       |       |       |     4 |       ||     4
       Draw Escape       |       |       |       |     1 |       ||     1
Evoke: Wand              |       |       |     5 |    11 |       ||    16
  Use: Potion            |       |     1 |     2 |     1 |       ||     4
       Scroll            |       |     3 |     5 |     5 |       ||    13
Armor: Scale mail        |    72 |    49 |       |   158 |     4 ||   283
       Chain mail        |       |    40 |     5 |       |       ||    45
       Plate armour      |       |       |   129 |   136 |       ||   265
Dodge: Dodged            |    55 |    90 |    97 |   289 |     3 ||   534
Block: Buckler           |    23 |    44 |    75 |   115 |       ||   257
       Tower shield      |       |       |       |    81 |    22 ||   103

Table legend: (Time is in decaauts)
 A = Elapsed time spent in this place.
 B = Non-inter-level travel time spent in this place.
 C = Inter-level travel time spent in this place.
 D = Time resting spent in this place.
 E = Time spent auto-exploring this place.
 F = Levels seen in this place.
 G = Mean time per level.
                   A        B        C        D        E       F      G
               +--------+--------+--------+--------+--------+-----+--------+
         Total |  17084 |  16304 |    780 |   2839 |  10392 |  16 | 1067.8 |
       Dungeon |  14406 |  13673 |    733 |   2387 |   8808 |  12 | 1200.5 |
        Temple |    272 |    247 |     25 |      0 |    214 |   1 |  272.0 |
          Lair |    993 |    972 |     21 |     95 |    781 |   2 |  496.5 |
      Ice Cave |   1412 |   1412 |      0 |    356 |    589 |   1 | 1412.0 |
               +--------+--------+--------+--------+--------+-----+--------+

Top non-repeatable levels by time:
     D:2: 2145 daAuts
     D:9: 1791 daAuts
     D:8: 1722 daAuts
     D:4: 1531 daAuts
     D:6: 1423 daAuts
   IceCv: 1412 daAuts
     D:3: 1120 daAuts
    D:10: 1088 daAuts
    D:11: 1069 daAuts
  Lair:1: 985 daAuts
     D:1: 876 daAuts
     D:7: 826 daAuts
     D:5: 809 daAuts
  Temple: 272 daAuts
  Lair:2: 8 daAuts
